 Dungeon Sprint DCSS version 0.26.1-11-gd32895ea62 (webtiles) character file.

Game seed: 14423334318452522479

149 Zeld the Skirmisher (level 5, -7/52 HPs)
             Began as a Minotaur Berserker on June 6, 2021.
             Was a Follower of Trog.
             Mangled by a jumping spider (13 damage)
             ... in the Dungeon (Sprint VII: "The Pits").
             The game lasted 00:00:09 (34 turns).

Zeld the Skirmisher (Minotaur Berserker)              Turns: 34, Time: 00:00:10

Health: -7/52      AC:  0    Str: 23    XL:     5   Next: 9%
Magic:  4/4        EV: 23    Int:  4    God:    Trog [*.....]
Gold:   0          SH:  0    Dex: 14    Spells: 4/4 levels left

rFire    . . .     SeeInvis .     - Unarmed
rCold    . . .     Faith    .   (shield currently unavailable)
rNeg     . . .     Spirit   .   (armour currently unavailable)
rPois    .         Reflect  .   (helmet currently unavailable)
rElec    .         Harm     .   (cloak currently unavailable)
rCorr    .         Rampage  .   (gloves currently unavailable)
Will     .....     NoTele   +   (boots currently unavailable)
Stlth    +.........             (no amulet)
HPRegen  0.17/turn              (ring currently unavailable)
MPRegen  0.09/turn              (ring currently unavailable)

@: bat-form, berserk cooldown, flying, slowed, quick
A: tiny, (retaliatory headbutt)
a: Stop Flying, Renounce Religion, Berserk


You were in the Dungeon.
You worshipped Trog.
Trog was aware of your devotion.
You were in bat-form.
You visited 1 branch

Inventory:

Armour
 a - a +0 animal skin (melded)
Scrolls
 g - a scroll of blinking
Potions
 b - a potion of curing
 c - a potion of heal wounds
 d - a potion of haste
 e - 2 potions of magic
 f - a potion of berserk rage


   Skills:
 + Level 7.1 Fighting
 + Level 6.5 Armour
 + Level 6.0 Dodging
 + Level 6.5 Unarmed Combat


You had 4 spell levels left.
You didn't know any spells.
Your spell library was empty.

Dungeon Overview and Level Annotations

Branches:
Dungeon (1/1)

Altars:

Annotations:
D Maurice


Innate Abilities, Weirdness & Mutations

((You reflexively headbutt those who attack you in melee.))
((You have a pair of horns on your head.))


Message History

The jumping spider pounces on you!
* * * LOW HITPOINT WARNING * * *
The jumping spider closely misses you.
You closely miss the jumping spider.
The jumping spider is heavily wounded.
Maurice zaps a wand.
You turn into a bat.
Your +0 animal skin melds into your body.
The jumping spider leaps!
Unknown command.
You feel a strong urge to attack something.
Maurice zaps a wand.
You feel your anger nearly subside.
You are no longer berserk.
You are exhausted.
You feel yourself slow down.
The jumping spider leaps!
The jumping spider leaps!
Maurice gestures at himself while chanting.
Maurice flickers and vanishes!
Deactivating autopickup; reactivate with Ctrl-A.
The jumping spider pounces on you!
You die...

#................#
#......#..#......#
#................+
+................+
#......#..#......#
#................#
####'#####''######
#.......##''#
#.......##.b#
#.......##s.#
#...<...##..# ##
#.......##..#..###
#.......##.○#....##
#.......##.{'.@...#
##########..'.....+
#..'.....#
#..#....##


You could see a jumping spider.

Vanquished Creatures
  A fire bat (D)
1 creature vanquished.

Notes
Turn   | Place    | Note
-------+----------+-------------------------------------------
     0 | D        | Zeld the Minotaur Berserker began the quest for the Orb.
     0 | D        | Reached XP level 1. HP: 19/19 MP: 0/0
    21 | D        | Noticed Maurice
    21 | D        | Noticed a fire bat
    21 | D        | Noticed a jumping spider
    24 | D        | Killed a fire bat
    25 | D        | Reached skill level 7 in Fighting
    25 | D        | Reached XP level 2. HP: 17/34 MP: 1/1
    25 | D        | Reached XP level 3. HP: 19/39 MP: 2/2
    25 | D        | Reached XP level 4. HP: 23/47 MP: 3/3
    25 | D        | Reached XP level 5. HP: 26/52 MP: 4/4
    34 | D        | Mangled by a jumping spider

Illustrated notes

Levels and vault maps discovered:
D:        pitsprint [storerooms_1, entrance_room_1, metal_vault_1, armoury_1,
          mini_pit_1, grid_room_1, main_hall_1, silver_pit, the_coven_2,
          the_vestibule_1, steel_vault_4, golden_pit, hallway_of_sentries,
          crystal_vault_2, iron_vault_3, final_vault]

Skill      XL: |  1 |
---------------+----+-----
Fighting       | 7 |  7.1
Armour         | 6 |  6.5
Dodging        | 6 |  6.0
Unarmed Combat | 6 |  6.5

Action                   |  1- 3 |  4- 6 || total
-------------------------+-------+-------++-------
Melee: Unarmed           |     1 |     3 ||     4
       Headbutt          |       |     1 ||     1
Invok: Berserk           |     1 |       ||     1
Dodge: Dodged            |     3 |     1 ||     4
